 Dungeon Crawl Stone Soup version 0.21-a0-417-g0adc95b (webtiles) character file.

37 mhoghedin the Sneak (level 3, -7/14 HPs)
             Began as a Felid Venom Mage on Nov 3, 2017.
             Mangled by a scorpion (9 damage)
             ... on level 1 of the Dungeon.
             The game lasted 00:04:37 (1873 turns).

mhoghedin the Sneak (Felid Venom Mage)              Turns: 1873, Time: 00:04:38

Health: -7/14      AC:  1    Str:  9    XL:     3   Next: 21%
Magic:  7/7        EV: 18    Int: 17    God:
Gold:   70         SH:  0    Dex: 16    Spells: 3/6 levels left
                                        Lives:  0   Deaths: 0

rFire    . . .     SeeInvis +   (weapon unavailable)
rCold    . . .     Gourm    .   (shield unavailable)
rNeg     . . .     Faith    .   (armour unavailable)
rPois    .         Spirit   .   (helmet unavailable)
rElec    .         Reflect  .   (cloak unavailable)
rCorr    .         Harm     .   (gloves unavailable)
MR       .....                  (boots unavailable)
Stlth    +++.......             (no amulet)
HPRegen  0.04/turn              (no ring)
MPRegen  0.10/turn              (no ring)

@: mighty, quick
A: no armour, no weapons or thrown items, stealth, claws 1, fangs 3, see
invisible, carnivore 3, speed 1, shaggy fur 1, slow metabolism 1, sharp paws
a: no special abilities


You were on level 1 of the Dungeon.
You were not hungry.

You visited 1 branch of the dungeon, and saw 2 of its levels.

You collected 70 gold pieces.

Inventory:

Scrolls
 e - 2 scrolls of identify
Books
 a - a Young Poisoner's Handbook
Comestibles
 b - 2 meat rations {@e2}


   Skills:
 + Level 3.3 Dodging
 + Level 3.5 Stealth
 + Level 2.4 Spellcasting
 - Level 0.9 Conjurations
 + Level 3.0 Poison Magic


You had 3 spell levels left.
You knew the following spells:

 Your Spells              Type           Power        Failure   Level  Hunger
a - Sting                 Conj/Pois      #...         9%          1    #......
b - Poisonous Vapours     Pois/Air       #.....       16%         2    ##.....


Dungeon Overview and Level Annotations

Branches:
Dungeon (2/15)

Altars:

Annotations:
D:1 Jessica
D:2 Sigmund


Innate Abilities, Weirdness & Mutations

You cannot wear armour.
You are incapable of wielding weapons or throwing items.
Your paws allow you to move quietly. (Stealth)
You have sharp claws.
You have razor-sharp teeth.
You have supernaturally acute eyesight. (SInv)
You are carnivorous and can eat meat at any time.
You cover ground quickly.
You are covered in fur. (AC +1)
You have a slow metabolism.
Your sharp claws are effective at attacking unaware monsters.


Message History

The slug dart misses you.
The hobgoblin moves out of view.
The kobold throws a stone.
The stone barely misses you.
A goblin comes into view.
There is a stone staircase leading up here.
You see here a stone.
The goblin hits you with a dagger. The giant cockroach barely misses you.
You climb upwards.
There is a stone staircase leading down here.
You take 2 damage, and have 12/14 hp.
Aim: a goblin, wielding a dagger Poisonous vapours surround the goblin!
The goblin is engulfed in poison gas.
The goblin is poisoned.
The goblin hits you with a dagger.
You take 3 damage, and have 9/14 hp.
MASSIVE DAMAGE!!
You now have 5/7 mp.
Aim: a goblin, wielding a dagger (heavily wounded, poisoned) Poisonous vapours surround the goblin!
The goblin is engulfed in poison gas.
The goblin looks even sicker.
You kill the goblin!
You now have 3/7 mp.
You start resting.
Health restored: 14; MP restored: 7 You see here a fruit.
There is a stone staircase leading down here.
You climb downwards.
Level annotation: Jessica, Sigmund An ooze comes into view.
There is a stone staircase leading up here.
A quokka comes into view.
The quokka moves out of view.
A hobgoblin comes into view. It is wielding a club.
Jessica grins evilly.
Jessica casts a spell.
Jessica seems to speed up.
Aim: Jessica, wielding a club and wearing a robe (fast) Poisonous vapours surround Jessica!
The ooze quivers.
Jessica is engulfed in poison gas.
Jessica is poisoned.
Jessica casts a spell at you. Pain shoots through your body!
Ouch! That really hurt!
* * * LOW HITPOINT WARNING * * *
Jessica is engulfed in poison gas.
Jessica looks even sicker.
You take 12 damage, and have 2/14 hp.
MASSIVE DAMAGE!!
You now have 5/7 mp.
There is a stone staircase leading up here.
The quokka closely misses you.
You climb upwards.
There is a stone staircase leading down here.
Aim: a quokka Poisonous vapours surround the quokka!
The quokka is engulfed in poison gas.
The quokka is poisoned.
The quokka misses you.
You now have 3/7 mp.
Aim: a quokka (heavily wounded, poisoned) Poisonous vapours surround the quokka!
The quokka looks even sicker.
The quokka closely misses you.
The quokka looks even sicker.
The quokka barely misses you.
You now have 1/7 mp.
Aim: a quokka (severely wounded, poisoned)
The sting hits the quokka.
The quokka looks as sick as possible!
You kill the quokka!
You now have 0/7 mp.
You start resting.
Health restored: 14; MP restored: 7 You climb downwards.
Level annotation: Jessica, Sigmund Jessica points at you and mumbles some strange words.
Pain shoots through your body!
Ouch! That really hurt!
Jessica misses you.
There is a stone staircase leading up here.
You take 8 damage, and have 6/14 hp.
MASSIVE DAMAGE!!
Unknown command.
The scorpion stings you.
You climb upwards.
There is a stone staircase leading down here.
You take 1 damage, and have 5/14 hp.
As you read the scroll labeled GIETIU IDINK, it crumbles to dust.
The creatures around you are filled with an inner flame!
It was a scroll of immolation.
Jessica looks very angry.
Jessica misses you. The scorpion closely misses you.
As you read the scroll labeled MUGHIHEYRPH, it crumbles to dust.
It is a scroll of enchant armour.
You aren't carrying any armour which can be enchanted further.
Jessica hits you with a club.
* * * LOW HITPOINT WARNING * * *
The scorpion closely misses you.
You take 3 damage, and have 2/14 hp.
MASSIVE DAMAGE!!
As you read the scroll labeled DAFRAV YFISU, it crumbles to dust.
It is a scroll of identify.
f - a potion of might Jessica barely misses you.
The scorpion closely misses you.
You feel very mighty all of a sudden. Jessica barely misses you.
The scorpion stings you!
Ouch! That really hurt!
You die...

### ..# ##### #.#
#######.@@# #.#
#.......#s#
#.######.#####...#
#........# ##.##
########## #.# #.#
#.# #.# #.#


You could see a scorpion (inner flame) and Jessica (inner flame).

Vanquished Creatures
  An ooze (D:1)
  2 dart slugs (D:1)
  A leopard gecko (D:1)
  4 bats (D:1)
  7 goblins (D:1)
  2 hobgoblins (D:1)
  A quokka (D:1)
  2 frilled lizards (D:1)
  2 kobolds (D:1)
  3 rats (D:1)
25 creatures vanquished.

Notes
Turn   | Place    | Note
-------+----------+-------------------------------------------
     0 | D:1      | mhoghedin the Felid Venom Mage began the quest for the Orb.
     0 | D:1      | Reached XP level 1. HP: 7/7 MP: 4/4
   296 | D:1      | Reached skill level 3 in Stealth
   421 | D:1      | Reached skill level 3 in Dodging
   421 | D:1      | Reached XP level 2. HP: 11/11 MP: 0/6
   504 | D:1      | Learned a level 2 spell: Poisonous Vapours
   897 | D:1      | Reached skill level 3 in Poison Magic
   943 | D:1      | Reached XP level 3. HP: 14/14 MP: 4/7
  1334 | D:2      | Noticed Jessica
  1334 | D:2      | Noticed Sigmund
  1334 | D:2      | Noticed a scorpion
  1567 | D:2      | HP: 2/14 [Jessica/nerve-wracking pain (12)]
  1871 | D:1      | HP: 2/14 [Jessica/club (3)]
  1873 | D:1      | Mangled by a scorpion

Vault maps used:
D:1:      eino_arrival_druids_welcome
D:2:      st_stairs_10, uniq_jessica, uniq_natasha, uniq_sigmund

Skill      XL: |  1  2 |
---------------+-------+-----
Stealth        | 3 |  3.5
Dodging        | 3 |  3.3
Poison Magic   | 3 |  3.0
Spellcasting   | |  2.4
Conjurations   | |  0.9

Action                   || total
-------------------------++-------
Melee: Unarmed           ||    28
       Bite              ||     2
 Cast: Sting             ||    27
       Poisonous Vapours ||    16
  Use: Potion            ||     2
       Scroll            ||     3
 Stab: Sleeping          ||     2
  Eat: Chunk             ||     5
Armor: Skin              ||     2
Dodge: Dodged            ||    43

Table legend:
 A = Spawn XP
 B = Non-spawn XP
 C = Spawn XP percentage of total XP
 D = Spawn monster count
 E = Non-spawn monster count
 F = Spawn count percentage of total count
 G = Total turns spent on level
                    A         B        C        D         E        F      G
               +---------+---------+-------+---------+---------+-------+---------
         Total |       0 |      53 |   0.0 |       0 |      25 |   0.0 |  1873
               +---------+---------+-------+---------+---------+-------+---------
           D:1 |       0 |      53 |   0.0 |       0 |      25 |   0.0 |  1858
               +---------+---------+-------+---------+---------+-------+---------

Vault maps used:
D:1:      eino_arrival_druids_welcome
D:2:      st_stairs_10, uniq_jessica, uniq_natasha, uniq_sigmund

Table legend:
 A = Turns spent in this place as a percentage of turns spent in the entire game.
 B = Non-inter-level travel turns spent in this place as a percentage of non-inter-level travel turns spent in the entire game.
 C = Inter-level travel turns spent in this place as a percentage of turns spent in this place.
 D = Turns resting spent in this place as a percentage of non-inter-level travel turns spent in this place.
 E = Turns spent auto-exploring this place as a percentage of non-inter-level travel turns spent in this place.
 F = Non-inter-level travel turns spent in this place divided by the number of levels of this place that you've seen.
                   A       B       C       D       E      F
               +-------+-------+-------+-------+-------+----------------------
         Total | 100.0 | 100.0 |   7.3 |  50.7 |  30.4 | 868.0
       Dungeon | 100.0 | 100.0 |   7.3 |  50.7 |  30.4 | 868.0
               +-------+-------+-------+-------+-------+----------------------

Table legend:
 A = Kills in this place as a percentage of kills in entire the game.
 B = Kills by you in this place as a percentage of kills by you in the entire game.
 C = Kills by friends in this place as a percentage of kills by friends in the entire game.
 D = Other kills in this place as a percentage of other kills in the entire game.
 E = Experience gained in this place as a percentage of experience gained in the entire game.
 F = Experience gained in this place divided by the number of levels of this place that you have seen.
                   A       B       C       D       E      F
               +-------+-------+-------+-------+-------+----------------------
         Total | 100.0 | 100.0 |   N/A |   N/A | 100.0 |  26.5
       Dungeon | 100.0 | 100.0 |   N/A |   N/A | 100.0 |  26.5
               +-------+-------+-------+-------+-------+----------------------
